Map: [ESL] Tropical Sacrifice

Players

Probe

  • Race: Protoss Protoss
  • Spawn Location: 1:00

MeomaikA - Winner!

  • Race: Zerg Zerg
  • Spawn Location: 7:00

Event: DreamHack SC2 Masters 2022 Atlanta (Online)

VOD

Have the link to the VOD?

Description

Time

  • Played on: Sept. 29, 2022, 4:13 a.m.
  • Length: 12:08

All games in this series

Show
View Real Time Build Order
Export as new Build Order

Probe Protoss 

Build Orders: 1 Gate Expand, Oracle Opening 

Get SALT Encoding   

  12  0:00  Probe  
  13  0:12  Probe  
  14  0:19  Pylon  
  14  0:24  Probe  
  15  0:37  Probe (Chrono Boost)  
  16  0:43  Gateway  
  16  0:46  Probe (Chrono Boost)  
  17  0:50  Assimilator  
  17  0:51  Probe (Chrono Boost)  
  18  1:03  Probe  
  19  1:15  Probe  
  20  1:32  Cybernetics Core  
  20  1:36  Nexus  
  20  1:41  Zealot  
  22  1:49  Pylon  
  22  1:51  Probe  
  23  1:58  Assimilator  
  23  2:05  Adept (Chrono Boost)  
  23  2:07  Probe  
  26  2:16  Gateway  
  26  2:19  Probe (Chrono Boost)  
  28  2:30  Probe (Chrono Boost)  
  28  2:35  Probe (Chrono Boost)  
  28  2:36  Stargate  
  29  2:50  Probe x2 (Chrono Boost)  
  31  3:00  Probe (Chrono Boost)  
  31  3:01  Probe (Chrono Boost)  
  31  3:05  Probe (Chrono Boost)  
  33  3:10  Probe  
  35  3:17  Oracle (Chrono Boost), Probe  
  35  3:19  Warp Gate (Chrono Boost)  
  34  3:24  Probe  
  34  3:25  Adept x2  
  42  3:29  Probe  
  42  3:33  Pylon  
  43  3:36  Probe  
  44  3:41  Probe  
  44  3:47  Pylon  
  44  3:48  Oracle (Chrono Boost), Probe  
  46  3:54  Probe  
  50  4:00  Probe  
  51  4:06  Probe  
  51  4:08  Nexus  
  52  4:12  Probe  
  52  4:16  Pylon  
  53  4:18  Probe  
  54  4:24  Probe  
  54  4:30  Gateway, Probe  
  54  4:31  Gateway  
  52  4:35  Shield Battery, Assimilator  
  52  4:39  Oracle  
  52  4:41  Probe  
  52  4:44  Probe  
  57  4:51  Twilight Council  
  57  4:53  Probe  
  57  4:54  Shield Battery  
  57  4:56  Probe  
  59  5:01  Adept x2  
  59  5:05  Probe  
  63  5:08  Probe  
  63  5:09  Forge  
  63  5:12  Pylon  
  64  5:17  Probe  
  64  5:20  Pylon  
  65  5:22  Probe  
  65  5:27  Stalker x3  
  68  5:28  Probe  
  68  5:30  Probe  
  68  5:31  Blink (Chrono Boost)  
  68  5:34  Probe  
  71  5:39  Stalker  
  71  5:40  Probe  
  71  5:41  Protoss Ground Weapons Level 1 (Chrono Boost)  
  71  5:42  Probe  
  75  5:46  Probe  
  75  5:49  Pylon  
  75  5:53  Probe  
  76  5:58  Zealot x3  
  76  6:02  Probe  
  83  6:04  Stalker  
  83  6:09  Shield Battery  
  85  6:12  Probe  
  85  6:18  Gateway  
  76  6:20  Stalker x2  
  76  6:22  Zealot  
  76  6:24  Probe  
  80  6:25  Probe  
  80  6:31  Zealot  
  80  6:32  Probe  
  82  6:38  Gateway, Probe  
  83  6:41  Pylon  
  83  6:46  Photon Cannon, Assimilator  
  83  6:51  Stalker x2  
  83  6:52  Probe  
  88  7:04  Shield Battery  
  88  7:05  Photon Cannon, Pylon  
  89  7:08  Probe  
  89  7:09  Zealot x2  
  89  7:14  Probe  
  94  7:17  Charge (Chrono Boost)  
  94  7:22  Stalker x3  
  100  7:27  Photon Cannon  
  100  7:29  Photon Cannon  
  100  7:32  Gateway  
  100  7:42  Gateway  
  100  7:44  Gateway x2, Stalker x3  
  102  7:46  Protoss Ground Weapons Level 2 (Chrono Boost)  
  102  7:50  Robotics Facility  
  106  7:57  Stalker  
  106  7:58  Stalker  
  110  8:04  Stalker  
  112  8:07  Probe  
  109  8:15  Pylon x3  
  109  8:16  Pylon  
  109  8:18  Probe  
  106  8:21  Pylon  
  106  8:22  Shield Battery  
  106  8:24  Stalker  
  106  8:26  Shield Battery  
  108  8:30  Pylon  
  108  8:36  Templar Archives  
  107  8:42  Gateway, Stalker x2  
  107  8:43  Gateway  
  107  8:44  Observer (Chrono Boost)  
  112  8:54  Stalker x4  
  120  9:11  Zealot  
  120  9:12  Zealot x2  
  126  9:20  Nexus  
  126  9:21  Pylon  
  126  9:22  Zealot x2  
  126  9:23  Zealot x2  
  134  9:40  Photon Cannon  
  134  9:41  Photon Cannon  
  134  9:42  High Templar x2  
  134  9:45  Shield Battery  
  138  9:47  Zealot x6  
  138  9:51  Archon  
  150  9:56  Pylon  
  150  9:58  Warp Prism (Chrono Boost), Photon Cannon  
  150  10:00  Gateway  
  152  10:13  High Templar x4  
  160  10:16  Photon Cannon  
  160  10:18  Archon x2  
  160  10:24  Robotics Facility  
  160  10:27  Zealot  
  160  10:28  Zealot x4  
  168  10:38  Probe x3  
  171  10:45  Immortal  
  175  10:55  Nexus  
  131  11:00  Zealot x6  
  131  11:03  High Templar x2  
  103  11:04  Probe  
  103  11:06  Probe  
  103  11:08  Archon, Probe x2  
  103  11:11  Assimilator  
  105  11:17  Probe  
  105  11:18  Immortal, Probe  
  103  11:20  Probe  
  103  11:22  Probe, Assimilator  
  105  11:27  Zealot x2  
  105  11:28  Zealot  
  105  11:29  Probe  
  105  11:32  Zealot x2  
  116  11:33  Zealot  
  116  11:34  Probe  
  116  11:36  Pylon  
  119  11:42  Zealot x3  
  120  11:51  Zealot x3  
Show
View Real Time Build Order
Export as new Build Order

MeomaikA Zerg - Winner!

Build Orders: Pool First 

Get SALT Encoding   

  12  0:00  Drone  
  13  0:12  Overlord  
  13  0:17  Drone  
  14  0:30  Drone x2  
  14  0:34  Drone  
  17  0:45  Spawning Pool  
  17  0:48  Drone  
  17  1:10  Hatchery  
  16  1:11  Drone  
  16  1:15  Drone  
  16  1:16  Extractor  
  17  1:32  Zergling x4  
  19  1:34  Queen  
  19  1:39  Drone  
  22  1:49  Overlord  
  22  2:07  Drone  
  23  2:10  Queen  
  23  2:11  Drone  
  26  2:21  Metabolic Boost  
  26  2:22  Drone x2  
  28  2:31  Queen  
  28  2:32  Drone  
  28  2:35  Drone  
  32  2:41  Drone x2  
  34  2:44  Drone  
  34  2:50  Overlord  
  35  2:53  Drone  
  36  3:09  Hatchery  
  36  3:10  Drone  
  36  3:16  Drone x2  
  36  3:17  Drone  
  36  3:19  Drone  
  39  3:22  Drone  
  39  3:23  Drone  
  39  3:26  Drone  
  42  3:30  Spore Crawler  
  42  3:33  Overlord  
  41  3:38  Spore Crawler  
  40  3:42  Zergling x6  
  40  3:45  Drone  
  44  3:49  Overlord  
  44  3:52  Zergling x4  
  44  3:54  Zergling x2  
  47  3:55  Zergling x2  
  47  3:59  Zergling x4  
  47  4:01  Zergling x2  
  51  4:04  Zergling x2  
  52  4:14  Drone  
  52  4:15  Drone  
  53  4:17  Drone  
  53  4:19  Drone x2  
  53  4:21  Drone, Evolution Chamber  
  53  4:22  Evolution Chamber  
  53  4:23  Drone  
  55  4:26  Queen  
  55  4:30  Drone x2  
  57  4:32  Drone  
  57  4:34  Drone  
  57  4:38  Spore Crawler, Drone  
  58  4:40  Drone  
  58  4:41  Drone  
  58  4:43  Drone  
  62  4:46  Drone x2  
  62  4:51  Drone, Zerg Melee Weapons Level 1  
  64  4:53  Drone  
  65  5:05  Overlord  
  65  5:07  Zerg Ground Armor Level 1, Overlord x2  
  65  5:10  Drone x2  
  65  5:14  Overlord  
  66  5:17  Overlord  
  66  5:23  Zergling x8  
  66  5:24  Zergling x6  
  66  5:25  Zergling x4  
  66  5:26  Zergling x4  
  66  5:28  Zergling x2  
  75  5:29  Zergling x2  
  75  5:30  Zergling x2  
  75  5:32  Zergling x2  
  75  5:33  Zergling x2  
  78  5:39  Zergling x2  
  79  5:43  Zergling x2  
  79  5:44  Zergling x4  
  79  5:45  Zergling x2  
  79  5:49  Zergling x2, Hatchery  
  83  5:56  Zergling x2  
  83  5:57  Zergling x6  
  87  5:58  Lair  
  87  5:59  Drone  
  87  6:00  Drone  
  86  6:05  Zergling x2  
  86  6:08  Zergling x2  
  86  6:11  Zergling x6  
  82  6:12  Zergling x2  
  82  6:16  Zergling x2  
  81  6:22  Zergling x6  
  81  6:23  Zergling x2  
  81  6:24  Zergling x2  
  83  6:27  Zergling x2  
  83  6:28  Zergling x4  
  83  6:29  Zergling x2  
  83  6:31  Zergling x2  
  81  6:35  Zergling x2  
  81  6:37  Baneling Nest  
  81  6:40  Queen x2, Extractor  
  81  6:41  Extractor  
  81  6:42  Drone  
  81  6:43  Drone  
  81  6:45  Zergling x2  
  86  6:49  Overlord  
  86  6:51  Drone x3  
  88  6:56  Drone x3  
  88  6:57  Drone  
  88  6:59  Zerg Melee Weapons Level 2, Infestation Pit  
  88  7:00  Zergling x4  
  93  7:02  Zergling x6, Overlord  
  93  7:04  Queen  
  93  7:07  Zergling x2  
  99  7:08  Zergling x2  
  96  7:15  Zergling x2  
  96  7:16  Zergling x2  
  96  7:19  Zergling x2  
  96  7:20  Zergling x6  
  101  7:23  Zergling x4, Queen  
  101  7:24  Drone x3  
  101  7:25  Zergling x2  
  101  7:26  Zergling x2  
  101  7:27  Zergling x4  
  112  7:30  Zergling x2  
  112  7:33  Zergling x2  
  112  7:34  Zergling x2  
  112  7:36  Zergling x2  
  115  7:42  Zergling x2, Baneling x11  
  116  7:44  Drone x2  
  116  7:46  Zergling x2  
  116  7:49  Overlord  
  116  7:51  Zergling x2  
  120  7:55  Hatchery, Overlord x2  
  120  7:56  Zergling x2  
  120  8:04  Zergling x2  
  115  8:07  Zergling x6  
  115  8:08  Zergling x2  
  115  8:10  Zergling x6  
  115  8:13  Zergling x2  
  115  8:15  Zergling x6  
  115  8:16  Zergling x2  
  115  8:18  Zergling x2  
  115  8:19  Zergling x2  
  113  8:20  Hive  
  113  8:23  Zergling x2  
  113  8:25  Zerg Ground Armor Level 2  
  113  8:26  Zergling x6  
  117  8:27  Drone  
  117  8:29  Drone  
  117  8:32  Zergling x2  
  121  8:34  Zergling x2  
  121  8:39  Zergling x2  
  121  8:40  Drone  
  119  8:42  Drone  
  119  8:45  Drone x2  
  119  8:47  Zergling x4  
  119  8:48  Overlord  
  123  8:50  Extractor  
  123  8:52  Zergling x8  
  123  8:53  Zergling x6  
  123  8:54  Zergling x2, Drone x3  
  133  8:58  Zergling x2  
  133  9:01  Zergling x2  
  133  9:04  Zergling x4  
  133  9:07  Zergling x2  
  135  9:11  Queen, Drone  
  135  9:12  Zergling x4  
  135  9:13  Drone x2  
  135  9:14  Spore Crawler  
  135  9:16  Drone  
  142  9:17  Overlord x2  
  142  9:19  Overlord  
  142  9:24  Spore Crawler  
  141  9:29  Overlord  
  141  9:35  Overlord  
  141  9:37  Adrenal Glands  
  141  9:38  Zergling x2  
  141  9:39  Zergling x14, Overlord x2  
  141  9:40  Overlord  
  141  9:41  Ultralisk Cavern  
  141  9:43  Zergling x2  
  141  9:44  Zergling x2  
  149  9:49  Zergling x4  
  149  9:50  Zergling x6  
  149  9:51  Drone x2  
  154  9:53  Drone x3  
  154  9:54  Drone  
  154  9:58  Zergling x2  
  159  10:04  Zergling x2  
  159  10:05  Zergling x12  
  166  10:10  Baneling x17  
  166  10:12  Zergling x2  
  166  10:13  Zergling x6  
  166  10:14  Zergling x2  
  171  10:22  Zergling x6  
  171  10:23  Zergling x4  
  171  10:24  Zergling x2  
  171  10:25  Zergling x4  
  171  10:26  Zergling x4  
  171  10:27  Zergling x2  
  182  10:33  Zergling x2  
  182  10:36  Overlord  
  182  10:37  Zergling x6  
  182  10:38  Zergling x6  
  187  10:44  Zergling x4  
  187  10:45  Overlord  
  189  10:53  Zergling x6  
  189  10:54  Zergling x6  
  189  10:55  Zergling x4  
  189  10:56  Zergling x4  
  164  10:58  Zergling x4  
  164  10:59  Zergling x2  
  143  11:06  Zergling x2  
  143  11:08  Ultralisk  
  143  11:09  Zergling x2  
  143  11:10  Zergling x4  
  151  11:11  Zergling x4  
  151  11:12  Zergling x8  
  151  11:18  Zergling x4  
  159  11:21  Ultralisk Cavern  
  159  11:22  Zergling x2  
  159  11:23  Zergling x4  
  159  11:24  Spine Crawler x2  
  159  11:25  Hatchery  
  158  11:27  Zergling x2  
  158  11:29  Zergling x2  
  158  11:31  Drone x2  
  162  11:34  Zergling x2  
  162  11:37  Zergling x2  
  162  11:38  Zergling x2, Extractor  
  161  11:41  Zergling x4  
  161  11:47  Zergling x26  
Tags
 
Add a new tag
Caveats
  • Supply blocks, unpowered buildings, or Contaminate may cause inaccurate times.
  • Supply counts are checked every 10 seconds.